 Dungeon Crawl Stone Soup version 0.27.1-33-g824d729ab1 (webtiles) character file.

Game seed: 10060969551257982081

443 jlumianski the Ducker (level 7, -2/59 HPs)
             Began as a Gnoll Monk on Dec 27, 2021.
             Slain by Grinder (4 damage)
             ... on level 4 of the Dungeon.
             The game lasted 00:16:24 (3466 turns).

jlumianski the Ducker (Gnoll Monk)                  Turns: 3466, Time: 00:16:24

Health: -2/59      AC:  7    Str: 11 (12) XL:     7   Next: 2%
Magic:  10/10      EV: 13    Int:  8 (10) God:
Gold:   160        SH:  0    Dex: 14      Spells: 10/10 levels left

rFire    . . .     SeeInvis .   u - +1 war axe
rCold    . . .     Faith    .   (no shield)
rNeg     . . .     Spirit   .   h - +0 ring mail
rPois    .         Reflect  .   j - +2 hat
rElec    .         Harm     .   (no cloak)
rCorr    .         Rampage  .   (no gloves)
Will     .....                  (no boots)
Stlth    ++........             (no amulet)
HPRegen  0.19/turn              t - ring of wizardry
MPRegen  0.12/turn              (no ring)

@: no status effects
A: fangs 1, strong nose, distributed training
a: no special abilities


You were on level 4 of the Dungeon.
You visited 1 branch of the dungeon, and saw 4 of its levels.

You collected 160 gold pieces.

Inventory:

Hand Weapons
 a - a +0 hand axe
 l - a +0 hunting sling
 u - a +1 war axe (weapon)
Missiles
 d - 145 stones
 m - 25 poisoned darts
 n - 59 arrows
 o - 3 curare-tipped darts (quivered)
 p - 2 throwing nets
Armour
 b - a +0 robe
 h - a +0 ring mail (worn)
 j - a +2 hat (worn)
Jewellery
 t - a ring of wizardry (left hand)
Potions
 c - a potion of degeneration
 e - a potion of ambrosia
 f - a potion of berserk rage
 q - a potion of curing
 r - a potion of brilliance {unknown}


   Skills:
 + Level 6.9 Fighting
 + Level 2.2 Short Blades
 + Level 2.2 Long Blades
 + Level 6.9 Axes
 + Level 2.2 Maces & Flails
 + Level 2.2 Polearms
 + Level 2.2 Staves
 + Level 2.2 Slings
 + Level 2.2 Bows
 + Level 2.2 Crossbows
 + Level 2.2 Throwing
 + Level 2.2 Armour
 + Level 6.9 Dodging
 + Level 4.7 Stealth
 + Level 2.2 Shields
 + Level 2.2 Unarmed Combat
 + Level 2.2 Spellcasting
 + Level 1.8 Conjurations
 + Level 1.8 Hexes
 + Level 1.8 Summonings
 + Level 1.8 Necromancy
 + Level 1.8 Translocations
 + Level 1.8 Transmutations
 + Level 1.8 Fire Magic
 + Level 1.8 Ice Magic
 + Level 1.8 Air Magic
 + Level 1.8 Earth Magic
 + Level 1.8 Poison Magic
 + Level 2.4 Invocations
 + Level 2.2 Evocations


You had 10 spell levels left.
You didn't know any spells.
Your spell library was empty.

Dungeon Overview and Level Annotations

Branches:
Dungeon (4/15)
 Temple: D:4-7

Altars:
Fedhas
Uskayaw
Zin

Shops:
D:2 [

Annotations:
D:4 Grinder, Sigmund


Innate Abilities, Weirdness & Mutations

You have very sharp teeth.
Your uncanny sense of smell can sniff out nearby items.
Your experience applies equally to all skills.


Message History

Grinder is lightly wounded.
Grinder hits you but does no damage.
You barely miss Grinder. You bite Grinder, but do no damage.
Grinder is lightly wounded.
Grinder hits you.
You writhe in agony.
Things that are here:
a +0 rapier; a +0 leather armour
Found an escape hatch in the floor.
Grinder blinks!
Grinder gestures at you.
You suddenly lose the ability to move!
Grinder gestures at you.
You shrug off the repeated paralysis!
Grinder blinks!
Grinder hits you but does no damage. Grinder hits you.
You writhe in agony.
Grinder says, "Just stop there for a second..."
Grinder hits you!
You writhe in agony.
You can move again.
You hit Grinder. Your punch misses Grinder.
Grinder is moderately wounded.
Grinder gestures at you.
You shrug off the repeated paralysis!
You hit Grinder.
Grinder is moderately wounded.
Grinder gestures at you. Pain shoots through your body!
You barely miss Grinder.
Grinder is moderately wounded.
Grinder hits you.
* * * LOW HITPOINT WARNING * * *
You writhe in agony.
* * * LOW HITPOINT WARNING * * *
Okay, then.
You hit Grinder. You bite Grinder, but do no damage.
Grinder is heavily wounded.
Grinder barely misses you. Grinder hits you!
* * * LOW HITPOINT WARNING * * *
You writhe in agony.
You die...

........#..........#...##. ....#
...$....#.#............#..# ....#
..".......##.....................
##......†.##...##..........##...#
#....(...)##....#........#.#....#
#...............#.###.#.....#..##
##....##..........##..#..........
#....####.....#.#.....#...#......
.<....#.........@5<..÷..###......
5#..#.#.......#..##..#...........
#..##.....##..##.....###.........
#...#......##..#.....##..#.<.....
........#. .>...........#.......
(..... ## .###......#.##.......
....#.. #........ ##..#...
.......$ ......... #..#####
......##<....#


You could see Grinder.

Vanquished Creatures
  Eustachio (D:4)
  An ice beast (D:3)
  2 iguanas (D:3)
  6 gnolls
  3 adders
  2 worms (D:2)
  2 dart slugs
  2 orcs (D:3)
  6 bats
  10 endoplasms
  2 giant cockroaches (D:2)
  7 goblins
  5 hobgoblins
  3 jackals (D:3)
  8 kobolds
  3 ball pythons
  4 frilled lizards
  7 rats
74 creatures vanquished.

Notes
Turn   | Place    | Note
-------+----------+-------------------------------------------
     0 | D:1      | jlumianski the Gnoll Monk began the quest for the Orb.
     0 | D:1      | Reached XP level 1. HP: 23/23 MP: 1/1
   145 | D:1      | Reached XP level 2. HP: 29/29 MP: 2/2
   694 | D:1      | Reached XP level 3. HP: 35/35 MP: 3/3
  1086 | D:2      | Found a blossoming altar of Fedhas.
  1103 | D:2      | Reached skill level 1 in Invocations
  1149 | D:3      | Noticed an ice beast
  1251 | D:2      | Reached skill level 1 in Short Blades
  1251 | D:2      | Reached skill level 1 in Long Blades
  1251 | D:2      | Reached skill level 1 in Maces & Flails
  1251 | D:2      | Reached skill level 1 in Polearms
  1251 | D:2      | Reached skill level 1 in Staves
  1251 | D:2      | Reached skill level 1 in Slings
  1251 | D:2      | Reached skill level 1 in Bows
  1251 | D:2      | Reached skill level 1 in Crossbows
  1251 | D:2      | Reached skill level 1 in Throwing
  1251 | D:2      | Reached skill level 1 in Armour
  1251 | D:2      | Reached skill level 1 in Shields
  1251 | D:2      | Reached skill level 1 in Unarmed Combat
  1251 | D:2      | Reached skill level 1 in Spellcasting
  1251 | D:2      | Reached skill level 1 in Evocations
  1300 | D:2      | Found Wugaem's Armour Emporium.
  1407 | D:3      | Reached XP level 4. HP: 41/41 MP: 5/5
  1676 | D:2      | Reached skill level 1 in Conjurations
  1676 | D:2      | Reached skill level 1 in Hexes
  1676 | D:2      | Reached skill level 1 in Summonings
  1676 | D:2      | Reached skill level 1 in Necromancy
  1676 | D:2      | Reached skill level 1 in Translocations
  1676 | D:2      | Reached skill level 1 in Transmutations
  1676 | D:2      | Reached skill level 1 in Fire Magic
  1676 | D:2      | Reached skill level 1 in Ice Magic
  1676 | D:2      | Reached skill level 1 in Air Magic
  1676 | D:2      | Reached skill level 1 in Earth Magic
  1676 | D:2      | Reached skill level 1 in Poison Magic
  2039 | D:3      | Reached XP level 5. HP: 44/47 MP: 5/7
  2066 | D:3      | Killed an ice beast
  2299 | D:3      | Found a faded altar of an unknown god.
  2327 | D:4      | Noticed Grinder
  2327 | D:4      | Noticed Eustachio
  2329 | D:4      | Noticed Sigmund
  2454 | D:3      | Found a glowing silver altar of Zin.
  2538 | D:3      | Reached XP level 6. HP: 53/53 MP: 8/8
  2553 | D:3      | Found a hide-covered altar of Uskayaw.
  3433 | D:4      | Killed Eustachio
  3434 | D:4      | Reached XP level 7. HP: 48/59 MP: 8/10
  3440 | D:4      | Paralysed by Grinder for 5 turns
  3457 | D:4      | Paralysed by Grinder for 6 turns
  3466 | D:4      | HP: 2/59 [Grinder (8)]
  3466 | D:4      | Slain by Grinder

Illustrated notes

Levels and vault maps discovered:
D:1:      giann_wishing_wells, layout_loops_ring, supply_closet_lemuel,
          grunt_decor_cap, minmay_misc_feat_cross, minmay_heptomino_d4
D:2:      layout_basic, basic_altar, serial_shops, shop
D:3:      layout_rooms, general_overflow_altar,
          mainiacjoe_overflow_concentric_impassable, basic_ecumenical_altar
D:4:      layout_cave_pools, led_sif_book, nicolae_overflow_crystal_walls,
          okawaru_ov_weapons_minmay, uniq_grinder, uniq_ijyb, uniq_sigmund,
          uniq_eustachio

Skill      XL: |  1  2  3  4  5  6 |
---------------+-------------------+-----
Invocations    | 1 2 |  2.4
Short Blades   | 1 2 |  2.2
Long Blades    | 1 2 |  2.2
Maces & Flails | 1 2 |  2.2
Polearms       | 1 2 |  2.2
Staves         | 1 2 |  2.2
Slings         | 1 2 |  2.2
Bows           | 1 2 |  2.2
Crossbows      | 1 2 |  2.2
Throwing       | 1 2 |  2.2
Armour         | 1 2 |  2.2
Shields        | 1 2 |  2.2
Unarmed Combat | 1 2 |  2.2
Spellcasting   | 1 2 |  2.2
Evocations     | 1 2 |  2.2
Conjurations   | 1 |  1.8
Hexes          | 1 |  1.8
Summonings     | 1 |  1.8
Necromancy     | 1 |  1.8
Translocations | 1 |  1.8
Transmutations | 1 |  1.8
Fire Magic     | 1 |  1.8
Ice Magic      | 1 |  1.8
Air Magic      | 1 |  1.8
Earth Magic    | 1 |  1.8
Poison Magic   | 1 |  1.8
Fighting       | |  6.9
Axes           | |  6.9
Dodging        | |  6.9
Stealth        | |  4.7

Action                   |  1- 3 |  4- 6 |  7- 9 || total
-------------------------+-------+-------+-------++-------
Melee: Hand axe          |    47 |   116 |       ||   163
       Bite              |     3 |     8 |     4 ||    15
       Punch             |       |     3 |       ||     3
       War axe           |       |    24 |    16 ||    40
 Fire: Hunting sling     |    37 |       |       ||    37
Throw: Dart              |       |    26 |       ||    26
  Use: Scroll            |       |     9 |       ||     9
       Potion            |       |     1 |       ||     1
 Stab: Sleeping          |     7 |     2 |       ||     9
Armor: Robe              |     3 |       |       ||     3
       Ring mail         |     6 |    62 |     9 ||    77
Dodge: Dodged            |    27 |   127 |     6 ||   160
